AoeStats
← Cyamaan

Arabia

509626420Analyzed
2v2 RM · 4d ago on Sep 27, 2026· 40m 40s· 4 players
Game mode
Random Map
Map size
Medium (4 player)
Population
200
Speed
Normal
Resources
Standard
Victory
Conquest
Starting age
Dark Age
Ending age
Imperial Age
RankedLock teamsTeams togetherTeam positionsShared explorationLock speedFull tech treeHidden civsTurbo modeCheats
Victory
Defeat
🇨🇦 Danes · Canada
1089
+11
🇨🇦 Varangians · Canada
957
+17
🇫🇮 Magyars · Finland
977
-14
🇫🇮 Aztecs · Finland
975
-14
Cyamaan
9:05 Feudal Age
9:26 Loom
11:26 Double-Bit Axe
17:01 Scale Mail Armor
17:12 Forging
20:36 Castle Age
22:38 Squires
24:49 Gambesons
26:09 Pikeman
26:33 Horse Collar
28:42 Iron Casting
32:44 Wheelbarrow
34:48 Chain Mail Armor
36:31 Arson
37:57 Hamask
jornado
7:40 Loom
10:19 Feudal Age
11:07 Double-Bit Axe
17:03 Horse Collar
19:46 Castle Age
19:22 Gold Mining
20:49 Forging
20:41 Scale Mail Armor
22:33 Wheelbarrow
24:21 Squires
24:07 Arson
34:04 Chain Mail Armor
34:26 Iron Casting
36:47 Imperial Age
35:17 Bow Saw
35:22 Gambesons
37:39 Hand Cart
36:51 Elite Varangian Guard
38:04 Plate Mail Armor
40:09 Blast Furnace
Sniper-sama
9:53 Feudal Age
14:14 Arson
15:27 Scale Mail Armor
16:27 Forging
16:12 Loom
19:08 Wheelbarrow
18:25 Double-Bit Axe
22:56 Castle Age
23:27 Eagle Warrior
24:08 Squires
23:30 Pikeman
27:37 Hand Cart
27:44 Fletching
38:30 Gambesons
Lentävä Sirkkeli
6:28 Loom
8:59 Feudal Age
15:24 Bloodlines
18:35 Scale Barding Armor
23:08 Castle Age
22:48 Double-Bit Axe
22:56 Horse Collar
24:35 Gold Mining
30:37 Chain Barding Armor
31:06 Wheelbarrow
38:26 Hand Cart
Connection lost

Rejoining the realm…

Still unreachable

The connection could not be restored.

Session expired

The server has moved on; the page needs a fresh start.